 Dungeon Sprint DCSS version 0.30-a0-605-gb2882149bf (webtiles) character file.

Game seed: 745113282216657509

364 NinjaNoafa the Blocker (level 7, 0/62 HPs)
             Began as a Formicid Fighter on Jan 7, 2023.
             Slain by a killer bee (7 damage)
             ... in the Dungeon (Sprint IV: "Fedhas' Mad Dash").
             The game lasted 00:01:29 (313 turns).

NinjaNoafa the Blocker (Formicid Fighter)            Turns: 313, Time: 00:01:29

Health: 0/62       AC:  8    Str: 22    XL:     7   Next: 0%
Magic:  7/7        EV:  9    Int:  8    God:
Gold:   56         SH:  6    Dex: 13    Spells: 6/6 levels left

rFire   . . .      SeeInvis +    a - +0 war axe
rCold   . . .      Faith    .    c - +0 buckler
rNeg    . . .      Spirit   .    b - +0 scale mail
rPois   .          Reflect  .    (helmet unavailable)
rElec   .          Harm     .    (no cloak)
rCorr   .          Rampage  .    (no gloves)
Will    +....                    (no boots) Stlth
                                 k - amulet of invisibility {+Inv}
HPRegen 0.30/turn                l - ring of willpower
MPRegen 0.10/turn                (no ring)

@: mighty, lethally poisoned (0 -> -15)
A: permanent stasis, dig shafts and tunnels, antennae 3, four strong arms
a: Dig, Evoke Invisibility


You were in the Dungeon.
You visited 1 branch You collected 56 gold pieces.

Inventory:

Hand Weapons
 a - a +0 war axe (weapon)
Armour
 b - a +0 scale mail (worn)
 c - a +0 buckler (worn)
Jewellery
 k - the amulet of invisibility (around neck) {+Inv}
   (You found it in the Dungeon)

   [amulet of nothing]

   +Inv:      It lets you turn invisible.
 l - a ring of willpower (left hand)
Scrolls
 f - a scroll of poison {unknown}
 j - a scroll of blinking
Potions
 g - a potion of haste
 h - 2 potions of magic
 i - a potion of berserk rage


   Skills:
 + Level 8.2 Fighting
 + Level 7.1 Axes
 + Level 8.2 Armour
 + Level 9.8 Shields


You had 6 spell levels left.
You didn't know any spells.
Your spell library was empty.

Dungeon Overview and Level Annotations

Branches:
Dungeon (1/1)

Altars:
Cheibriados
Dithmenos
Gozag
Hepliaklqana
Makhleb
Nemelex Xobeh
Okawaru
Ru
Sif Muna
Trog
Wu Jian
Xom
Yredelemnul
Zin
Jiyva

Annotations:
D exclusion: oklob sapling


Innate Abilities, Weirdness & Mutations

You cannot be hasted, slowed, berserked, paralysed or teleported.
You can dig through walls and to a lower floor.
You have a pair of large antennae on your head. (SInv)
Your four strong arms can wield two-handed weapons with a shield.


Message History

The killer bee stings you. You block the killer bee's attack.
You miss the killer bee.
The killer bee is heavily wounded.
You closely miss the killer bee. x2; The killer bee stings you.
The killer bee barely misses you. The killer bee stings you.
The killer bee stings you but does no damage. x2
The killer bee barely misses you.
You slash the killer bee!
You kill the killer bee!
You barely miss the killer bee. You slash the killer bee!
You block the killer bee's attack. The killer bee stings you.
You are poisoned.
The killer bee poisons you! The killer bee stings you.
The killer bee barely misses you.
Your Fighting skill increases to level 8!
Your Axes skill increases to level 7!
Your Armour skill increases to level 8!
You have reached level 7!
You miss the killer bee.
You closely miss the killer bee. x2; You feel sick.
The killer bee stings you but does no damage.
The killer bee stings you.
You are more poisoned.
The killer bee poisons you! The killer bee barely misses you.
The killer bee stings you but does no damage.
The killer bee stings you.
You are more poisoned.
The killer bee poisons you! The killer bee stings you.
You slash the killer bee!
The killer bee is heavily wounded.
You miss the killer bee. You barely miss the killer bee.
* * * LOW HITPOINT WARNING * * *
You feel very sick.
The killer bee stings you but does no damage.
You block the killer bee's attack.
The killer bee stings you but does no damage.
The killer bee stings you!
* * * LOW HITPOINT WARNING * * *
The killer bee stings you.
* * * LOW HITPOINT WARNING * * *
The killer bee stings you!
You die...

#########################
#<..P#.†...#.....#.⌠._._.
#PP..'.†...'.#...'.._._._
#PPPP#.....#.#...#..._._P
###############'##.._._._
#...♣..yy....'...#._._._.
#....y†♣@....#...########
y ♣.y♣..###### #+##### {
{ { { { { { {


You could see 3 killer bees.

Vanquished Creatures
  A queen bee (D)
  A scorpion (D)
  A killer bee (D)
  2 oklob saplings (D)
  A river rat (D)
  A rat (D)
7 creatures vanquished.

Notes
Turn   | Place    | Note
-------+----------+-------------------------------------------
     0 | D        | NinjaNoafa the Formicid Fighter began the quest for the
                  | Orb.
     0 | D        | Reached XP level 1. HP: 18/18 MP: 1/1
    28 | D        | Reached XP level 2. HP: 22/25 MP: 2/2
    46 | D        | Noticed an oklob sapling
    53 | D        | Killed an oklob sapling
    54 | D        | Reached skill level 5 in Shields
    54 | D        | Reached XP level 3. HP: 15/31 MP: 3/3
   117 | D        | Noticed a scorpion
   117 | D        | Found the amulet of invisibility {+Inv}
   121 | D        | Killed a scorpion
   122 | D        | Reached skill level 5 in Fighting
   122 | D        | Reached skill level 5 in Armour
   122 | D        | Reached skill level 6 in Shields
   122 | D        | Reached XP level 4. HP: 37/40 MP: 4/4
   151 | D        | Reached skill level 5 in Axes
   151 | D        | Reached skill level 7 in Shields
   151 | D        | Reached XP level 5. HP: 46/46 MP: 5/5
   160 | D        | Found an opulent altar of Gozag.
   160 | D        | Found a hazy altar of Hepliaklqana.
   160 | D        | Found a snail-covered altar of Cheibriados.
   161 | D        | Found a viscous altar of Jiyva.
   161 | D        | Found a burning altar of Makhleb.
   161 | D        | Found a sparkling altar of Nemelex Xobeh.
   161 | D        | Found a sacrificial altar of Ru.
   161 | D        | Found a shimmering blue altar of Sif Muna.
   161 | D        | Found a bloodstained altar of Trog.
   161 | D        | Found an ornate altar of the Wu Jian Council.
   161 | D        | Found a shimmering altar of Xom.
   161 | D        | Found a basalt altar of Yredelemnul.
   162 | D        | Found an iron altar of Okawaru.
   162 | D        | Found a shadowy altar of Dithmenos.
   162 | D        | Found a glowing silver altar of Zin.
   299 | D        | Noticed a queen bee
   308 | D        | Killed a queen bee
   309 | D        | Reached skill level 9 in Shields
   309 | D        | Reached XP level 6. HP: 36/56 MP: 6/6
   312 | D        | Reached XP level 7. HP: 30/62 MP: 7/7
   313 | D        | Slain by a killer bee

Illustrated notes

Levels and vault maps discovered:
D:        dungeon_sprint_fedhas [sprint_temple]

Skill      XL: |  1  2  3  4  5  6 |
---------------+-------------------+-----
Fighting       | 4 5 6 7 8 |  8.2
Armour         | 4 5 6 7 8 |  8.2
Axes           | 3 4 5 6 7 |  7.1
Shields        | 5 6 7 9 |  9.8

Action                   |  1- 3 |  4- 6 |  7- 9 || total
-------------------------+-------+-------+-------++-------
Melee: War axe           |    31 |    10 |     2 ||    43
 Abil: Dig               |     1 |       |       ||     1
  Use: Potion            |     1 |     2 |       ||     3
Armor: Scale mail        |     5 |     3 |     4 ||    12
Dodge: Dodged            |    13 |    10 |     1 ||    24
Block: Buckler           |     9 |     5 |     1 ||    15

Table legend: (Time is in decaauts)
 A = Elapsed time spent in this place.
 B = Non-inter-level travel time spent in this place.
 C = Inter-level travel time spent in this place.
 D = Time resting spent in this place.
 E = Time spent auto-exploring this place.
 F = Levels seen in this place.
 G = Mean time per level.
                   A        B        C        D        E       F      G
               +--------+--------+--------+--------+--------+-----+--------+
         Total |    327 |    327 |      0 |     14 |    204 |   1 |  327.0 |
       Dungeon |    327 |    327 |      0 |     14 |    204 |   1 |  327.0 |
               +--------+--------+--------+--------+--------+-----+--------+

Top non-repeatable levels by time:
       D: 327 daAuts
